 Dungeon Crawl Stone Soup version 0.31-a0-321-g19405a7a6a (webtiles) character file.

Game seed: 10646188954547202161

405 porpoise the Skirmisher (level 7, -3/44 HPs)
             Began as a Kobold Hunter on July 18, 2023.
             Slain by a black bear (6 damage)
             ... on level 4 of the Dungeon.
             The game lasted 00:08:20 (3333 turns).

porpoise the Skirmisher (Kobold Hunter)             Turns: 3333, Time: 00:08:20

Health: -3/44      AC:  4    Str:  9    XL:     7   Next: 12%
Magic:  7/7        EV: 14    Int: 10    God:
Gold:   145        SH:  0    Dex: 20    Spells: 6/6 levels left

rFire   . . .        a - +0 shortbow
rCold   . . .        (shield currently unavailable)
rNeg    . . .        c - +0 leather armour
rPois   .            (no helmet)
rElec   .            (no cloak)
rCorr   .            i - +0 pair of gloves
SInv    .            (no boots)
Will    .....        (no amulet)
Stlth   +++          (no ring)
HPRegen 0.27/turn    (no ring)
MPRegen 0.10/turn

%: no passive effects
@: no status effects
A: small, no large weapons, nightstalker 3
a: no special abilities


You were on level 4 of the Dungeon.
You visited 1 branch of the dungeon, and saw 4 of its levels.

You collected 167 gold pieces.
You spent 22 gold pieces at shops.

Inventory:

Hand Weapons
 a - a +0 shortbow (weapon)
 b - a +0 dagger
Missiles
 r - 5 boomerangs
 w - 6 poisoned darts
Armour
 c - a +0 leather armour (worn)
 i - a +0 pair of gloves (worn)
Magical Staves
 e - a staff of conjuration
 p - a staff of earth
Jewellery
 j - a ring of fire
 s - an amulet of the acrobat
Talismans
 t - a dragon-blood talisman
Scrolls
 d - a scroll of torment {unknown}
 h - a scroll of silence {unknown}
 k - a scroll of teleportation {unknown}
 l - a scroll of vulnerability {unknown}
 m - 2 scrolls of immolation {unknown}
 n - a scroll of poison {unknown}
 o - a scroll of butterflies
 x - a scroll of enchant weapon {unknown}
Potions
 f - a potion of mutation
 g - a potion of lignification
 q - 2 potions of haste {unknown}
 u - a potion of experience {unknown}
 v - a potion of curing {unknown}


   Skills:
 + Level 4.8 Fighting
 * Level 9.0 Ranged Weapons
 - Level 2.4 Dodging
 - Level 1.3 Stealth


You had 6 spell levels left.
You didn't know any spells.
Your spell library contained the following spells:

 Spells                   Type           Power      Damage    Failure   Level
 Magic Dart               Conj           0%         1d3       47%         1
 Summon Small Mammal      Summ           0%         N/A       47%         1
 Call Imp                 Summ           0%         N/A       63%         2
 Call Canine Familiar     Summ           0%         N/A       85%         3
 Dazzling Flash           Conj/Hex       0%         N/A       85%         3
 Mephitic Cloud           Conj/Pois/Air  0%         N/A       85%         3
 Portal Projectile        Hex/Tloc       0%         N/A       85%         3
 Summon Guardian Golem    Hex/Summ       0%         N/A       85%         3
 Volatile Blastmotes      Fire/Tloc      0%         2d10      85%         3
 Leda's Liquefaction      Hex/Erth       0%         N/A       99%         4
 Starburst                Conj/Fire      0%         6d3       100%        6
 Maxwell's Capacitive Co  Air            0%         ∞         100%        8


Dungeon Overview and Level Annotations

Branches:
Dungeon (4/15)
 Temple: D:4-7

Altars:
Makhleb

Shops:
D:4 **[

Annotations:
D:3 Sigmund


Innate Abilities, Weirdness & Mutations

You are small and have problems with some larger weapons.
You are completely attuned to the shadows.


Message History

You shoot an arrow. The arrow hits the black bear!
The black bear is severely wounded.
The black bear bites you.
The black bear claws you but does no damage.
The black bear claws you.
You shoot an arrow.
The arrow hits the black bear but does no damage.
The black bear is severely wounded.
The black bear misses you. The black bear completely misses you.
The black bear closely misses you.
You shoot an arrow. The arrow hits the black bear.
The black bear is severely wounded.
The black bear goes berserk!
You shoot an arrow. The arrow barely misses the black bear.
The black bear bites you! The black bear closely misses you.
The black bear claws you.
The black bear bites you but does no damage.
The black bear claws you but does no damage.
The black bear claws you.
You are too injured to fight recklessly!
You are too injured to fight recklessly!
You shoot an arrow. The arrow hits the black bear.
The black bear is severely wounded.
The black bear bites you but does no damage.
The black bear barely misses you. The black bear closely misses you.
You shoot an arrow. The arrow hits the black bear.
The black bear is almost dead.
The black bear bites you. The black bear barely misses you.
The black bear closely misses you.
You shoot an arrow. The arrow hits the black bear.
The black bear is almost dead.
The black bear closely misses you. The black bear claws you.
* * * LOW HITPOINT WARNING * * *
The black bear barely misses you. The black bear bites you.
* * * LOW HITPOINT WARNING * * *
The black bear closely misses you. The black bear claws you.
* * * LOW HITPOINT WARNING * * *
You shoot an arrow. The arrow barely misses the black bear.
The black bear bites you.
You die...

#.# #.#
#.#
......#
#.# .....
#.# ...
#.# #'#
#.# #h#
#.# #@#
#.# #.#
#.# #.#
#.# #.#
#.#
#.######.#
#.......)#
##########


You could see a black bear (berserk).

Vanquished Creatures
  A phantom (D:4)
  4 orc priests (D:4)
  A gnoll bouda (D:4)
  2 orc wizards (D:3)
  An adder (D:4)
  3 gnolls (D:4)
  2 dart slugs
  2 worms
  9 orcs
  6 bats
  4 endoplasms
  4 giant cockroaches
  11 goblins
  6 hobgoblins
  2 jackals (D:1)
  2 quokkas
  8 ball pythons
  3 frilled lizards
  4 kobolds
  6 rats
81 creatures vanquished.

Notes
Turn   | Place    | Note
-------+----------+-------------------------------------------
     0 | D:1      | porpoise the Kobold Hunter began the quest for the Orb.
     0 | D:1      | Reached XP level 1. HP: 12/12 MP: 1/1
   100 | D:1      | Reached XP level 2. HP: 18/18 MP: 2/2
   295 | D:1      | Reached skill level 6 in Ranged Weapons
   314 | D:1      | Reached XP level 3. HP: 22/22 MP: 3/3
  1444 | D:2      | Found a faded altar of an unknown god.
  1592 | D:2      | Reached XP level 4. HP: 28/28 MP: 4/4
  1801 | D:3      | Noticed Sigmund
  1990 | D:3      | Reached skill level 7 in Ranged Weapons
  2128 | D:3      | Found a burning altar of Makhleb.
  2131 | D:3      | Noticed a blizzard demon
  2132 | D:3      | Noticed a neqoxec
  2132 | D:3      | Noticed a ynoxinul
  2237 | D:3      | Reached XP level 5. HP: 32/32 MP: 5/5
  2531 | D:4      | Reached XP level 6. HP: 30/38 MP: 6/6
  2617 | D:4      | Reached skill level 8 in Ranged Weapons
  2745 | D:4      | Found Deteuris's General Store.
  2752 | D:4      | Bought a scroll of identify for 22 gold pieces
  2801 | D:4      | Found Vuozxis's General Store.
  3071 | D:4      | Reached skill level 9 in Ranged Weapons
  3071 | D:4      | Reached XP level 7. HP: 29/44 MP: 7/7
  3214 | D:4      | Found Teck's Armour Emporium.
  3332 | D:4      | HP: 2/44 [black bear (5)]
  3333 | D:4      | Slain by a black bear

Illustrated notes

Levels and vault maps discovered:
D:1:      lightli_arrival_noodles, layout_basic
D:2:      layout_basic, hellmonk_ecumenical_altar_inner_sanctum
D:3:      layout_basic, makhleb_altar_promises_db, uniq_sigmund
D:4:      layout_basic, serial_shops, shop, nicolae_shop_just_a_little_nook,
          nicolae_shop_gaudy_bauble, shop

Skill      XL: |  1  2  3  4  5  6 |
---------------+-------------------+-----
Ranged Weapons | 6 7 9 |  9.0
Fighting       | 3 4 |  4.8
Dodging        | |  2.4
Stealth        | |  1.3

Action                     |  1- 3 |  4- 6 |  7- 9 || total
---------------------------+-------+-------+-------++-------
  Melee: Shortbow          |       |     1 |       ||     1
   Fire: Shortbow          |    90 |   154 |    22 ||   266
    Use: Scroll            |       |     2 |       ||     2
 Armour: Leather armour    |     4 |    21 |     6 ||    31
  Dodge: Dodged            |    18 |    57 |    14 ||    89

Table legend: (Time is in decaauts)
 A = Elapsed time spent in this place.
 B = Non-inter-level travel time spent in this place.
 C = Inter-level travel time spent in this place.
 D = Time resting spent in this place.
 E = Time spent auto-exploring this place.
 F = Levels seen in this place.
 G = Mean time per level.
                   A        B        C        D        E       F      G
               +--------+--------+--------+--------+--------+-----+--------+
         Total |   3355 |   3288 |     67 |    529 |   2259 |   4 |  838.8 |
       Dungeon |   3355 |   3288 |     67 |    529 |   2259 |   4 |  838.8 |
               +--------+--------+--------+--------+--------+-----+--------+

Top non-repeatable levels by time:
     D:2: 937 daAuts
     D:1: 861 daAuts
     D:4: 841 daAuts
     D:3: 715 daAuts
